 Dungeon Crawl Stone Soup version 0.29.1-15-g9cfb28693d (webtiles) character file.

Game seed: 3539678832983078564

28 Heoruswealwe the Magician (level 2, -9/15 HPs)
             Began as a Deep Elf Earth Elementalist on Apr 3, 2023.
             Mangled by a fire elemental (14 damage)
             ... created by the fiery vengeance of Ignis
             ... on level 2 of the Dungeon.
             The game lasted 00:09:16 (967 turns).

Heoruswealwe the Magician (DEEE)                     Turns: 967, Time: 00:09:18

Health: -9/15      AC:  2    Str:  5    XL:     2   Next: 96%
Magic:  7/9        EV: 12    Int: 19    God:
Gold:   79         SH:  0    Dex: 15    Spells: 6/9 levels left

rFire   . . .      SeeInvis .   a - +1 rapier (drain)
rCold   . . .      Faith    .   (no shield)
rNeg    . . .      Spirit   .   i - +0 robe
rPois   .          Reflect  .   (no helmet)
rElec   .          Harm     .   g - scarf {+Inv}
rCorr   .          Rampage  .   (no gloves)
Will    .....                   (no boots)
Stlth   ++........              (no amulet)
HPRegen 0.05/turn               (no ring)
MPRegen 0.11/turn               (no ring)

@: fire susceptible
A: no striking features
a: Evoke Invisibility


You were on level 2 of the Dungeon.
You visited 1 branch of the dungeon, and saw 2 of its levels.

You collected 79 gold pieces.

Inventory:

Hand Weapons
 a - a +1 rapier of draining (weapon)
 b - a +0 war axe
Armour
 g - a scarf of invisibility (worn)
 i - a +0 robe (worn)
 k - a +0 cloak
Scrolls
 e - a scroll of identify {unknown}
 f - a scroll of amnesia {unknown}
Potions
 c - 2 potions of haste {unknown}
 d - a potion of magic
 h - 2 potions of cancellation {unknown}
 j - a potion of mutation {unknown}
 l - a potion of degeneration {unknown}


   Skills:
 - Level 2.4 Dodging
 - Level 2.4 Stealth
 + Level 4.0 Spellcasting
 - Level 1.1 Transmutations
 + Level 4.0 Earth Magic


You had 6 spell levels left.
You knew the following spells:

 Your Spells              Type           Power      Damage    Failure   Level
a - Sandblast             Erth           38%        2d10      2%          1
z - Passwall              Tmut/Erth      10%        N/A       8%          2

Your spell library contained the following spells:

 Spells                   Type           Power      Damage    Failure   Level
 Freeze                   Ice            12%        1d4       14%         1
 Stone Arrow              Conj/Erth      22%        3d8       19%         3
 Frozen Ramparts          Ice            6%         1d1       38%         3
 Petrify                  Tmut/Erth      13%        N/A       43%         4
 Hailstorm                Conj/Ice       3%         3d3       80%         4


Dungeon Overview and Level Annotations

Branches:
Dungeon (2/15)

Altars:
Ignis


Message History

A rat comes into view.
You see here a fizzy silvery potion.
The blast of sand misses the rat.
The blast of sand hits the rat!
You kill the rat!
l - a fizzy silvery potion
Found 3 gold pieces.
You see here a rat corpse.
You now have 71 gold pieces (gained 3).
Found 8 gold pieces.
You now have 79 gold pieces (gained 8).
Ignis calls forth spirits of fire to unmake you! 3 fire elementals come into view.
The blast of sand hits the fire elemental.
The fire elemental is lightly damaged.
The fire elemental misses you. The fire elemental hits you.
The fire elemental burns you!
Ouch! That really hurt!
You are too injured to fight recklessly!
You are too injured to fight recklessly!
You closely miss the fire elemental.
The fire elemental is lightly damaged.
The fire elemental barely misses you.
You hit the fire elemental but do no damage.
The fire elemental is lightly damaged.
The fire elemental completely misses you.
The fire elemental closely misses you.
You hit the fire elemental but do no damage.
The fire elemental is lightly damaged.
The fire elemental misses you. The fire elemental barely misses you.
Casting: Sandblast (safe; 2% risk of failure)
Confirm with . or Enter, or press ? or * to list all spells.
Aiming: Sandblast (safe; 2% risk of failure)
Press: ? - help, Shift-Dir - straight line, f/p - fire elemental
Aim: a fire elemental (lightly damaged, durably summoned, 77% to hit)
The blast of sand hits the fire elemental!
The fire elemental is moderately damaged.
The fire elemental hits you. The fire elemental burns you!
Ouch! That really hurt!
You die...

.......#.###.......# #.#
.†........####.....#
#####.# ##.....^..#
#.....# #.....#
##.##.##.# #######
#.##### #.##.##.# #.# #
#.##.##.# ### #.# #
#.##.##.# ##.###.#
###.......########.#.##.#
..##....>###....@EE.....#
#.##.#.#.###.#####E#.####
.............# ##.##
#.#.......# ###
#.#.......# ..#.##.##.#
##.....##.# #..#####.#
##..#####.#


You could see 3 fire elementals.

Vanquished Creatures
  2 worms (D:2)
  A bat (D:2)
  2 endoplasms (D:1)
  A giant cockroach (D:2)
  A hobgoblin (D:1)
  6 jackals
  A ball python (D:1)
  3 frilled lizards
  4 rats
21 creatures vanquished.

Vanquished Creatures (others)
  7 plants (D:1)
7 creatures vanquished.

Grand Total: 28 creatures vanquished

Notes
Turn   | Place    | Note
-------+----------+-------------------------------------------
     0 | D:1      | Heoruswealwe the Deep Elf Earth Elementalist began the
                  | quest for the Orb.
     0 | D:1      | Reached XP level 1. HP: 10/10 MP: 6/6
   222 | D:1      | Reached XP level 2. HP: 14/15 MP: 0/8
   225 | D:1      | Learned a level 2 spell: Passwall
   246 | D:1      | Found a faded altar of an unknown god.
   320 | D:1      | Prayed at the altar of an unknown god.
   320 | D:1      | Became a worshipper of Ignis, the Dying Flame
   323 | D:1      | Fell from the grace of Ignis
   961 | D:2      | Noticed a fire elemental
   961 | D:2      | Noticed a fire elemental
   961 | D:2      | Noticed a fire elemental
   967 | D:2      | Mangled by a fire elemental

Illustrated notes

Levels and vault maps discovered:
D:1:      nagdon_arrival_double_spiral, layout_basic,
          hellmonk_ecumenical_altar_slurped_away, hex_tiny
D:2:      layout_loops_cross, st_stairs_10

Skill      XL: |  1  2 |
---------------+-------+-----
Spellcasting   | 4 |  4.0
Earth Magic    | 4 |  4.0
Dodging        | |  2.4
Stealth        | |  2.4
Transmutations | |  1.1

Action                   || total
-------------------------++-------
Melee: Unarmed           ||    42
       Punch             ||     3
       Rapier            ||     4
 Cast: Sandblast         ||    27
       Passwall          ||     1
Invok: Renounce Religion ||     1
Armor: Robe              ||     4
Dodge: Dodged            ||     9
